 Dungeon Sprint DCSS version 0.21.1-1-g345015f (webtiles) character file.

3800000 Fang the Axe Maniac (level 23, -142/240 HPs)
             Began as a Minotaur Gladiator on May 9, 2018.
             Was the Champion of Makhleb.
             Annihilated by a destroyer
             ... wielding a +9 great sword of slicing
              (217 damage)
             ... in the Dungeon (Sprint VIII: "Arena of Blood").
             The game lasted 00:00:34 (38 turns).

Fang the Axe Maniac (Minotaur Gladiator)              Turns: 38, Time: 00:00:34

Health: -142/240   AC:  6    Str: 27    XL:     23   Next: 54%
Magic:  21/53      EV: 31    Int:  5    God:    Makhleb [******]
Gold:   0          SH:  0    Dex: 14    Spells: 76/76 levels left

rFire    . . .     SeeInvis .   l - +∞ Axe of Woe
rCold    . . .     Gourm    .   (shield currently unavailable)
rNeg     . . .     Faith    .   b - +0 leather armour
rPois    .         Spirit   .   c - +0 hat
rElec    .         Reflect  .   (no cloak)
rCorr    .         Harm     .   (no gloves)
MR       +....     NoTele   +   (no boots)
Stlth    +++++++++.             (no amulet)
HPRegen  0.50/turn              (no ring)
MPRegen  0.33/turn              (no ring)

@: no status effects
A: retaliatory headbutt, horns 2
a: Minor Destruction, Lesser Servant of Makhleb, Major Destruction, Greater
Servant of Makhleb, Renounce Religion


You were in the Dungeon.
You worshipped Makhleb.
Makhleb was exalted by your worship.
You were not hungry.

You visited 1 branch

Inventory:

Hand Weapons
 a - a +0 war axe
 l - the +∞ Axe of Woe (weapon)
   (You found it in the Dungeon)
Missiles
 d - 3 throwing nets (quivered)
Armour
 b - a +0 leather armour (worn)
 c - a +0 hat (worn)
Scrolls
 k - a scroll of blinking
Potions
 e - a potion of curing
 g - a potion of heal wounds
 h - a potion of haste
 i - 2 potions of magic
 j - a potion of berserk rage
Comestibles
 f - a ration


   Skills:
 O Level 27 Fighting
 O Level 27 Axes
 O Level 27 Throwing
 O Level 27 Armour
 O Level 27 Dodging
 O Level 27 Stealth
 O Level 27 Unarmed Combat
 O Level 27 Spellcasting
 O Level 27 Invocations


You had 76 spell levels left.
You didn't know any spells.

Dungeon Overview and Level Annotations

Branches:
Dungeon (1/1)

Altars:
Makhleb


Innate Abilities, Weirdness & Mutations

You reflexively headbutt those who attack you in melee.
You have a pair of horns on your head.


Message History

You kill the bag of meat!
Makhleb accepts your kill.
You feel better.
You are engulfed in blazing flames.
You hear a roar!
You hear a shout! x9
The destroyer blinks!
The eight-headed meat hydra calls on the powers of darkness!
The eight-headed meat hydra convulses!
The meat berserker convulses! x2
The bag of meat convulses!
Your body is wracked with pain!
You hear a shout!
The destroyer blinks!
You hear a shout!
The destroyer blinks!
You hear a shout! x2
An eight-headed meat hydra comes into view.
The meat berserker is engulfed in blazing flames.
You hear a shout! x5
The destroyer is engulfed in blazing flames.
The destroyer hits you with a +9 great sword of slicing!!!!!
Ouch! That really hurt!
You die...

.......%.....o
.......§.....
..o........O
..o......o.
...oo...VD
#...o§§§# .
#..o.§§O# .
..###...%o§V###....
......###§@...o...
...%..)§§§).O.%...
...#%.§§§#V......
#_)<)_#..O.D..
#.))).#..V...#
....._.%%....§..
......###.........
..###§.. ...###....
. #... ..#


You could see 2 eight-headed meat hydras, 4 destroyers, 3 meat berserkers and 9
bags of meat.

Vanquished Creatures
  A vampire knight (D)
  11 ogres (D)
  3 two-headed ogres (D)
  20 orcs (D)
35 creatures vanquished.

Notes
Turn   | Place    | Note
-------+----------+-------------------------------------------
     0 | D        | Found the +∞ Axe of Woe
     0 | D        | Fang the Minotaur Gladiator began the quest for the Orb.
     0 | D        | Reached XP level 1. HP: 18/18 MP: 0/0
     3 | D        | Noticed a bag of meat
     4 | D        | Became a worshipper of Makhleb the Destroyer
     5 | D        | Noticed a bag of meat
     5 | D        | Noticed a bag of meat
     6 | D        | Noticed a bag of meat
     6 | D        | Noticed a bag of meat
     6 | D        | Noticed a bag of meat
     6 | D        | Noticed a bag of meat
     7 | D        | Noticed a bag of meat
     7 | D        | Noticed a meat berserker
     8 | D        | Noticed a bag of meat
     8 | D        | Noticed a bag of meat
     9 | D        | Noticed a meat berserker
     9 | D        | Killed a bag of meat
     9 | D        | Reached skill level 10 in Throwing
     9 | D        | Reached XP level 2. HP: 41/41 MP: 1/1
     9 | D        | Reached XP level 3. HP: 48/48 MP: 2/2
     9 | D        | Reached XP level 4. HP: 56/56 MP: 3/3
     9 | D        | Reached XP level 5. HP: 62/62 MP: 4/4
     9 | D        | Reached XP level 6. HP: 70/70 MP: 5/5
     9 | D        | Reached XP level 7. HP: 77/77 MP: 6/6
     9 | D        | Reached XP level 8. HP: 83/83 MP: 7/7
     9 | D        | Reached XP level 9. HP: 90/90 MP: 8/8
     9 | D        | Reached XP level 10. HP: 97/97 MP: 9/9
     9 | D        | Reached XP level 11. HP: 104/104 MP: 10/10
    10 | D        | Killed a bag of meat
    10 | D        | Reached * piety under Makhleb
    10 | D        | Reached XP level 12. HP: 67/116 MP: 11/11
    10 | D        | Killed a bag of meat
    10 | D        | Reached skill level 15 in Fighting
    10 | D        | Reached XP level 13. HP: 73/126 MP: 12/12
    10 | D        | Killed a bag of meat
    10 | D        | Reached XP level 14. HP: 79/137 MP: 13/13
    11 | D        | Noticed a meat berserker
    11 | D        | Killed a bag of meat
    11 | D        | Reached ** piety under Makhleb
    11 | D        | Reached skill level 27 in Axes
    11 | D        | Killed a bag of meat
    11 | D        | Reached skill level 27 in Dodging
    11 | D        | Reached XP level 15. HP: 155/155 MP: 14/14
    11 | D        | Killed a meat berserker
    11 | D        | Reached skill level 5 in Armour
    12 | D        | Reached *** piety under Makhleb
    12 | D        | Reached XP level 16. HP: 182/182 MP: 15/15
    13 | D        | Killed a meat berserker
    13 | D        | Reached skill level 27 in Fighting
    13 | D        | Reached skill level 27 in Throwing
    13 | D        | Reached XP level 17. HP: 191/191 MP: 16/16
    14 | D        | Reached **** piety under Makhleb
    15 | D        | Noticed a meat berserker
    15 | D        | Killed a meat berserker
    15 | D        | Reached skill level 27 in Armour
    15 | D        | Reached XP level 18. HP: 200/200 MP: 17/17
    16 | D        | Noticed a meat berserker
    17 | D        | Noticed a meat berserker
    17 | D        | Killed a meat berserker
    17 | D        | Reached skill level 15 in Unarmed Combat
    17 | D        | Reached skill level 10 in Spellcasting
    18 | D        | Killed a meat berserker
    18 | D        | Reached ***** piety under Makhleb
    18 | D        | Reached skill level 15 in Stealth
    18 | D        | Reached XP level 19. HP: 207/207 MP: 17/34
    20 | D        | Killed a meat berserker
    21 | D        | Noticed a meat berserker
    21 | D        | Noticed a meat berserker
    22 | D        | Noticed a meat berserker
    22 | D        | Noticed a large bag of meat
    23 | D        | Noticed a meat berserker
    23 | D        | Killed a meat berserker
    23 | D        | Reached skill level 15 in Spellcasting
    24 | D        | Noticed a destroyer
    25 | D        | Killed a meat berserker
    25 | D        | Reached XP level 20. HP: 216/216 MP: 18/40
    26 | D        | Noticed a large bag of meat
    27 | D        | Killed a meat berserker
    27 | D        | Reached skill level 27 in Unarmed Combat
    27 | D        | Reached ****** piety under Makhleb
    27 | D        | Reached XP level 21. HP: 224/224 MP: 18/43
    28 | D        | Noticed a large bag of meat
    28 | D        | Noticed a large bag of meat
    29 | D        | Reached skill level 27 in Invocations
    29 | D        | Reached skill level 27 in Stealth
    31 | D        | Noticed a destroyer
    31 | D        | Killed a large bag of meat
    31 | D        | Reached skill level 27 in Spellcasting
    31 | D        | Reached XP level 22. HP: 194/233 MP: 19/52
    33 | D        | Killed a large bag of meat
    34 | D        | Noticed a destroyer
    35 | D        | Noticed a destroyer
    35 | D        | Killed a large bag of meat
    35 | D        | Reached XP level 23. HP: 216/240 MP: 20/53
    36 | D        | Killed a destroyer
    36 | D        | Noticed a destroyer
    38 | D        | Annihilated by a destroyer

Skill      XL: |  1  2  3  4  5  6  7  8  9 10 11 12 13 14 15 16 17 18 19 20 21 |
---------------+----------------------------------------------------------------+-----
Fighting       | 12 13 15 16 20 26 27 | 27.0
Axes           | 20 23 25 26 27 | 27.0
Throwing       | 10 11 12 13 16 21 27 | 27.0
Dodging        | 19 21 23 24 27 | 27.0
Armour         | 3 6 16 27 | 27.0
Stealth        | 15 21 24 27 | 27.0
Unarmed Combat | 18 25 27 | 27.0
Spellcasting   | 12 17 19 27 | 27.0
Invocations    | 16 23 26 27 | 27.0

Action                   |  1- 3 |  4- 6 |  7- 9 | 10-12 | 13-15 | 16-18 | 19-21 | 22-24 || total
-------------------------+-------+-------+-------+-------+-------+-------+-------+-------++-------
Melee: Executioner's axe |     1 |       |       |     1 |     2 |     5 |     9 |     5 ||    23
Dodge: Dodged            |       |       |       |       |       |     1 |       |       ||     1
